 Dungeon Crawl Stone Soup version 0.29.0-4-gdea44cf6ec (webtiles) character file.

Game seed: 3572109319863853156

1117 qw the Cleaver (level 8, -9/48 HPs)
             Began as a Tengu Warper on Aug 28, 2022.
             Killed from afar by Maggie (17 damage)
             ... with a bolt of fire
             ... on level 8 of the Dungeon.
             The game lasted 00:00:36 (7293 turns).

qw the Cleaver (Tengu Warper)                       Turns: 7293, Time: 00:00:36

Health: -9/48      AC: 10    Str: 14    XL:     8   Next: 34%
Magic:  12/12      EV:  8    Int: 14    God:
Gold:   94         SH:  0    Dex: 13    Spells: 11/11 levels left

rFire   . . .      SeeInvis +   Y - +0 hand axe
rCold   . . .      Faith    .   (no shield)
rNeg    . . .      Spirit   .   b - +0 chain mail
rPois   .          Reflect  .   (helmet restricted)
rElec   .          Harm     .   e - +0 cloak {Stlth+}
rCorr   .          Rampage  .   (no gloves)
Will    .....                   (boots unavailable)
Stlth   ..........              (no amulet)
HPRegen 0.16/turn               f - ring of see invisible
MPRegen 0.13/turn               (no ring)

@: about to teleport, flying quickly and evasively, mesmerised, quick
A: beak, talons 3, nimble flight
a: no special abilities


You were on level 8 of the Dungeon.
You visited 1 branch of the dungeon, and saw 7 of its levels.

You collected 269 gold pieces.
You spent 175 gold pieces at shops.


Innate Abilities, Weirdness & Mutations

You have a beak for a mouth.
You have claws for feet.
Your magical nature lets you fly swiftly and evasively.


   Skills:
 - Level 4.0 Fighting
 - Level 9.0 Axes
 - Level 1.0 Throwing
 + Level 2.8 Armour
 - Level 3.9 Dodging
 - Level 2.0 Spellcasting
 - Level 2.4 Translocations


You had 11 spell levels left.
You didn't know any spells.
Your spell library contained the following spells:

 Spells                   Type           Power      Damage    Failure   Level
 Blink                    Tloc           16%        N/A       98%         2
 Gell's Gravitas          Tloc           8%         N/A       100%        3
 Lesser Beckoning         Tloc           8%         N/A       100%        3
 Teleport Other           Tloc           8%         N/A       100%        3
 Manifold Assault         Tloc           8%         N/A       100%        5

Inventory:

Hand Weapons
 h - a +0 flail
 Y - a +0 hand axe (weapon)
Armour
 b - a +0 chain mail (worn)
 d - a +0 tower shield
 e - a +0 cloak of stealth (worn)
 m - a scarf of resistance
Jewellery
 f - a ring of see invisible (left hand)
 k - a ring of fire
 n - a ring of wizardry
Scrolls
 a - a scroll of identify
Potions
 c - a potion of haste {unknown}
 g - 2 potions of curing
 j - a potion of cancellation
 l - a potion of ambrosia {unknown}

Dungeon Overview and Level Annotations

Branches:
Dungeon (6/15)
 Temple: D:4-7

Altars:
Ashenzari
Cheibriados
Fedhas
Wu Jian
The Shining One

Shops:
D:5 [=   D:6 :

Annotations:
D:8 Maggie


Message History

Enter note: Maggie the Vainglorious comes into view.
She is wielding a +0 war axe.
Found 6 gold pieces.
Maggie moves out of view.
Maggie mumbles some strange words.
Maggie attempts to bespell you!
You are mesmerised by Maggie!
You slash Maggie! You peck Maggie, but do no damage.
Maggie is lightly wounded.
You hit Maggie but do no damage.
Maggie is lightly wounded.
Maggie gestures wildly while chanting.
Maggie draws you further into her thrall.
You barely miss Maggie. You claw Maggie.
Maggie is lightly wounded.
Maggie barely misses you.
You hit Maggie but do no damage. You claw Maggie, but do no damage.
You peck Maggie, but do no damage.
Maggie is lightly wounded.
Maggie casts a spell at you. The bolt of fire hits you!
You hit Maggie but do no damage. You claw Maggie, but do no damage.
Maggie is lightly wounded.
Maggie points at you and mumbles some strange words.
The bolt of fire hits you!!
Ouch! That really hurt!
7290 ||| READING scroll of teleportation.
As you read the scroll of teleportation, it crumbles to dust.
You feel strangely unstable. Maggie barely misses you.
You closely miss Maggie. You peck Maggie, but do no damage.
Maggie is lightly wounded.
Maggie hits you with a +0 war axe.
You hit Maggie but do no damage. Your kick misses Maggie.
Your peck misses Maggie.
Maggie is lightly wounded.
You hit Maggie. Your kick misses Maggie.
Maggie is lightly wounded.
Maggie gestures at you while chanting. The bolt of fire hits you!
You die...

#>.............####...##...~ยค
#......########## ##.........
#.###.## #######.....#### #.
#....##.....# #...........#
#..##......## . ##..######...#
....####...## #...#
......@@....# ....#
######........$......#
##..#....!.####..# #..##....##
#.. #.## ...## ..# ..## ..##
..# .## .##


You could see Maggie (mesmerising).

Vanquished Creatures
  Sigmund (D:2)
  Menkaure (D:5)
  A black bear (D:5)
  An ice beast (D:5)
  An ogre (D:5)
  A phantom (D:5)
  A howler monkey (D:5)
  A jelly (D:5)
  2 hounds (D:5)
  3 iguanas (D:5)
  Terence (D:3)
  7 gnolls
  7 adders
  A shadow imp (D:3)
  An ufetubus (D:5)
  5 worms
  3 dart slugs
  4 orcs (D:5)
  11 ball pythons
  7 endoplasms
  5 giant cockroaches
  8 goblins
  4 hobgoblins
  3 jackals (D:1)
  8 kobolds
  10 quokkas
  3 bats
  A frilled lizard (D:1)
  5 rats
107 creatures vanquished.

Vanquished Creatures (others)
  2 plants (D:1)
2 creatures vanquished.

Grand Total: 109 creatures vanquished

Notes
Turn   | Place    | Note
-------+----------+-------------------------------------------
     0 | D:1      | qw the Tengu Warper began the quest for the Orb.
     0 | D:1      | Reached XP level 1. HP: 12/12 MP: 4/4
     0 | D:1      | 0 ||| qw: Version: 0.1-a-89-g26bdef1
     0 | D:1      | 0 ||| qw: Game counter: 2169
     0 | D:1      | 0 ||| qw: Always use a shield: true
     0 | D:1      | 0 ||| qw: God list: Okawaru
     0 | D:1      | 0 ||| qw: Allow faded altars: false
     0 | D:1      | 0 ||| qw: Do Orc after D:15 true
     0 | D:1      | 0 ||| qw: Do second Lair branch before Depths: true
     0 | D:1      | 0 ||| qw: Lair rune preference: random
     0 | D:1      | 0 ||| qw: Plans: Normal
     0 | D:1      | 0 ||| PLANNING D:1-11
    23 | D:1      | HP: 2/12 [jackal (2)]
    37 | D:1      | HP: 1/12 [frozen (1)]
    39 | D:1      | Reached XP level 2. HP: 2/17 MP: 6/6
   178 | D:1      | Reached skill level 3 in Axes
   388 | D:1      | 388 ||| Stepping ~*~*~tactically~*~*~ (stealth).
   394 | D:1      | 394 ||| Stepping ~*~*~tactically~*~*~ (stealth).
   397 | D:1      | 397 ||| Stepping ~*~*~tactically~*~*~ (stealth).
   577 | D:1      | 577 ||| Stepping ~*~*~tactically~*~*~ (stealth).
   579 | D:1      | 579 ||| Stepping ~*~*~tactically~*~*~ (water).
   700 | D:1      | Reached XP level 3. HP: 21/21 MP: 7/7
   897 | D:1      | 897 ||| DROPPING +0 club.
   905 | D:1      | 905 ||| DROPPING +0 mace.
  1205 | D:1      | Reached skill level 4 in Axes
  1339 | D:1      | 1339 ||| UPGRADING to ring of see invisible.
  1340 | D:1      | 1340 ||| READING 2 scrolls labelled VOARHOPTIOS.
  1341 | D:1      | 1341 ||| READING 3 scrolls labelled ELOCZARULE.
  1342 | D:1      | 1342 ||| READING scroll labelled KITOYF GUSUEVO.
  1346 | D:1      | 1346 ||| DRINKING 2 blue potions.
  1347 | D:1      | 1347 ||| DROPPING scroll of blinking.
  1348 | D:1      | 1348 ||| DROPPING potion of brilliance.
  1349 | D:1      | 1349 ||| DROPPING 2 scrolls of poison.
  1373 | D:2      | Noticed Sigmund
  1374 | D:2      | 1374 ||| Stepping ~*~*~tactically~*~*~ (stealth).
  1376 | D:2      | 1376 ||| Stepping ~*~*~tactically~*~*~ (stealth).
  1410 | D:2      | 1410 ||| Stepping ~*~*~tactically~*~*~ (hiding).
  1513 | D:2      | 1513 ||| Stepping ~*~*~tactically~*~*~ (stealth).
  1514 | D:2      | 1514 ||| Stepping ~*~*~tactically~*~*~ (stealth).
  1526 | D:2      | Killed Sigmund
  1527 | D:2      | Reached skill level 6 in Axes
  1527 | D:2      | Reached XP level 4. HP: 13/26 MP: 8/8
  1527 | D:2      | Gained mutation: Your magical nature lets you fly swiftly
                  | and evasively. [Tengu growth]
  1527 | D:2      | Reached XP level 5. HP: 15/30 MP: 9/9
  1689 | D:2      | Found a faded altar of an unknown god.
  2157 | D:2      | 2157 ||| DROPPING scarf of harm.
  2158 | D:2      | 2158 ||| DROPPING orb of mayhem.
  2159 | D:2      | 2159 ||| READING scroll labelled ICYIHU BOUCE.
  2160 | D:2      | 2160 ||| READING scroll labelled ZENAGG QUTACUMA.
  2261 | D:2      | 2261 ||| READING scroll labelled FIMNYN WADA.
  2262 | D:2      | 2262 ||| READING 2 scrolls of identify.
  2262 | D:2      | 2262 ||| IDENTIFYING murky puce potion
  2279 | D:3      | 2279 ||| PLANNING SEWER
  2288 | D:3      | 2288 ||| STAIRDANCE
  2357 | D:3      | Found a broken altar of Ashenzari.
  2497 | D:3      | Found a blossoming altar of Fedhas.
  2512 | D:3      | Reached XP level 6. HP: 35/35 MP: 10/10
  2545 | D:3      | 2545 ||| Stepping ~*~*~tactically~*~*~ (stealth).
  2618 | D:3      | Noticed Terence
  2634 | D:3      | HP: 7/35 [Terence/+0 hand axe (7)]
  2635 | D:3      | Killed Terence
  2904 | D:3      | 2904 ||| RIP SEWER
  2938 | D:3      | 2938 ||| PLANNING D:1-11
  3156 | D:3      | Found a glowing golden altar of the Shining One.
  3158 | D:3      | 3158 ||| Stepping ~*~*~tactically~*~*~ (stealth).
  3160 | D:3      | 3160 ||| Stepping ~*~*~tactically~*~*~ (hiding).
  3170 | D:3      | Reached skill level 7 in Axes
  3285 | D:3      | 3285 ||| Stepping ~*~*~tactically~*~*~ (stealth).
  3287 | D:3      | 3287 ||| Stepping ~*~*~tactically~*~*~ (stealth).
  3314 | D:3      | 3314 ||| Stepping ~*~*~tactically~*~*~ (stealth).
  3318 | D:3      | 3318 ||| Stepping ~*~*~tactically~*~*~ (stealth).
  3817 | D:3      | 3817 ||| UPGRADING to +0 scale mail.
  3827 | D:3      | 3827 ||| DROPPING +0 leather armour.
  3828 | D:3      | 3828 ||| DRINKING 2 murky amethyst potions.
  3829 | D:3      | 3829 ||| READING 4 scrolls of identify.
  3829 | D:3      | 3829 ||| IDENTIFYING murky sapphire potion
  3830 | D:3      | 3830 ||| READING 3 scrolls of identify.
  3830 | D:3      | 3830 ||| IDENTIFYING viscous purple potion
  3831 | D:3      | 3831 ||| READING 2 scrolls of identify.
  3831 | D:3      | 3831 ||| IDENTIFYING purple potion
  3832 | D:3      | 3832 ||| DROPPING potion of lignification.
  3833 | D:3      | 3833 ||| DROPPING potion of attraction.
  3834 | D:3      | 3834 ||| DROPPING potion of flight.
  4077 | D:4      | 4077 ||| Stepping ~*~*~tactically~*~*~ (stealth).
  4238 | D:4      | 4238 ||| Stepping ~*~*~tactically~*~*~ (stealth).
  4240 | D:4      | 4240 ||| Stepping ~*~*~tactically~*~*~ (stealth).
  4262 | D:4      | HP: 6/36 [poisoned by a gnoll]
  4263 | D:4      | HP: 1/36 [poisoned by a gnoll]
  4264 | D:4      | 4264 ||| DRINKING potion of curing.
  4264 | D:4      | 4264 ||| (to cure poison)
  4863 | D:4      | Reached skill level 3 in Fighting
  5109 | D:4      | 5109 ||| READING scroll labelled RAOWIL YXUE.
  5110 | D:4      | 5110 ||| READING 2 scrolls of identify.
  5110 | D:4      | 5110 ||| IDENTIFYING red potion
  5139 | D:5      | Entered Level 5 of the Dungeon
  5149 | D:5      | Noticed a black bear
  5150 | D:5      | 5150 ||| Stepping ~*~*~tactically~*~*~ (hiding).
  5159 | D:5      | HP: 9/37 [black bear (1)]
  5160 | D:5      | 5160 ||| READING scroll of teleportation.
  5161 | D:5      | 5161 ||| DRINKING potion of heal wounds.
  5176 | D:5      | 5176 ||| FLEEEEING.
  5177 | D:5      | 5177 ||| FLEEEEING.
  5178 | D:5      | 5178 ||| FLEEEEING.
  5179 | D:5      | 5179 ||| FLEEEEING.
  5180 | D:5      | 5180 ||| FLEEEEING.
  5182 | D:5      | 5182 ||| FLEEEEING.
  5183 | D:5      | 5183 ||| Stepping ~*~*~tactically~*~*~ (hiding).
  5184 | D:5      | 5184 ||| FLEEEEING.
  5188 | D:5      | HP: 6/37 [black bear (4)]
  5190 | D:5      | Killed a black bear
  5191 | D:5      | Reached XP level 7. HP: 5/41 MP: 11/11
  5192 | D:5      | HP: 1/41 [dart slug/slug dart (5)]
  5194 | D:5      | 5194 ||| FLEEEEING.
  5195 | D:5      | 5195 ||| FLEEEEING.
  5196 | D:5      | 5196 ||| FLEEEEING.
  5197 | D:5      | 5197 ||| STAIRDANCE
  5505 | D:5      | Reached skill level 8 in Axes
  5505 | D:5      | 5505 ||| STAIRDANCE
  5574 | D:5      | 5574 ||| Stepping ~*~*~tactically~*~*~ (stealth).
  5576 | D:5      | 5576 ||| Stepping ~*~*~tactically~*~*~ (stealth).
  6012 | D:5      | 6012 ||| Stepping ~*~*~tactically~*~*~ (stealth).
  6013 | D:5      | 6013 ||| Stepping ~*~*~tactically~*~*~ (stealth).
  6013 | D:5      | Found Keq Joz's Jewellery Shop.
  6014 | D:5      | 6014 ||| Stepping ~*~*~tactically~*~*~ (stealth).
  6016 | D:5      | 6016 ||| Stepping ~*~*~tactically~*~*~ (stealth).
  6019 | D:5      | Found Eckeneh's Armour Emporium.
  6066 | D:5      | Reached skill level 9 in Axes
  6072 | D:5      | HP: 10/41 [poisoned by an adder]
  6230 | D:5      | HP: 10/41 [ice beast (9)]
  6231 | D:5      | 6231 ||| DRINKING potion of heal wounds.
  6358 | D:5      | 6358 ||| SHOPLISTING amulet of guardian spirit (450 gold,
                  | have 214).
  6358 | D:5      | 6358 ||| SHOPLISTING amulet of regeneration (450 gold, have
                  | 214).
  6358 | D:5      | 6358 ||| SHOPLISTING ring of poison resistance (300 gold,
                  | have 214).
  6358 | D:5      | 6358 ||| SHOPLISTING ring of resist corrosion (300 gold,
                  | have 214).
  6358 | D:5      | 6358 ||| SHOPLISTING ring of willpower (375 gold, have
                  | 214).
  6366 | D:5      | 6366 ||| BUYING +0 chain mail (49 gold).
  6366 | D:5      | Bought a +0 chain mail for 49 gold pieces
  6366 | D:5      | 6366 ||| BUYING +0 cloak of stealth (126 gold).
  6366 | D:5      | Bought a +0 cloak of stealth for 126 gold pieces
  6366 | D:5      | 6366 ||| SHOPLISTING +0 plate armour (253 gold, have 51).
  6431 | D:5      | Reached XP level 8. HP: 42/46 MP: 12/12
  6707 | D:5      | 6707 ||| Stepping ~*~*~tactically~*~*~ (hiding).
  6758 | D:5      | Noticed Menkaure
  6763 | D:5      | HP: 12/48 [??? (10)]
  6765 | D:5      | HP: 5/48 [Menkaure (7)]
  6766 | D:5      | Killed Menkaure
  6767 | D:5      | Reached skill level 3 in Dodging
  7105 | D:5      | Found an ornate altar of the Wu Jian Council.
  7144 | D:5      | 7144 ||| UPGRADING to +0 chain mail.
  7154 | D:5      | 7154 ||| DROPPING +0 scale mail.
  7155 | D:5      | 7155 ||| UPGRADING to +0 cloak of stealth.
  7160 | D:5      | 7160 ||| READING scroll labelled KOAGUNT OPNATO.
  7202 | D:6      | Found Qylata's Book Shop.
  7212 | D:6      | You are sucked into a shaft and drop 2 floors!
  7212 | D:8      | Found a snail-covered altar of Cheibriados.
  7280 | D:8      | Noticed Maggie
  7289 | D:8      | HP: 10/48 [Maggie/bolt of fire (25)]
  7290 | D:8      | 7290 ||| READING scroll of teleportation.
  7293 | D:8      | Killed from afar by Maggie

Levels and vault maps discovered:
D:1:      co_arrival_square_in_a_square_in_a_square, layout_basic,
          minmay_door_square, serial_bayou_ford_a, minmay_octomino_j4
D:2:      layout_basic, hellmonk_ecumenical_altar_lost_god, uniq_sigmund
D:3:      layout_loops_corners, mainiacjoe_overflow_paths,
          fedhas_ov_isle_minmay, nicolae_ashenzari_panopticon,
          gup_sewer_entry_pipe, nicolae_underground_beach, uniq_terence
D:4:      layout_loops_corners
D:5:      layout_loops_ring, pdpol_wu_jian_five_deadly_venoms,
          nicolae_wooded_promenade, uniq_menkaure
D:6:      layout_loops_cross, dancing_weapons_uskayaw,
          mainiacjoe_overflow_concentric_impassable, serial_shops,
          nicolae_diamond_shop, uniq_crazy_yiuf_cottage
D:8:      layout_layer_cave, mainiacjoe_overflow_brackets,
          mainiacjoe_overflow_boulevard, mainiacjoe_overflow_chevrons,
          serial_shops, shop, hangedman_decor_lopped, kennysheep_nondescript,
          kennysheep_doodads, uniq_joseph, uniq_maggie

Skill      XL: |  1  2  3  4  5  6  7  8 |
---------------+-------------------------+-----
Axes           | 3 6 7 9 |  9.0
Fighting       | 3 4 |  4.0
Armour         | 2 |  2.8
Dodging        | 3 |  3.9
Throwing       | |  1.0
Spellcasting   | |  2.0
Translocations | |  2.4

Action                   |  1- 3 |  4- 6 |  7- 9 || total
-------------------------+-------+-------+-------++-------
Melee: Hand axe          |    72 |   144 |   119 ||   335
       Kick              |    20 |    48 |    44 ||   112
       Peck              |     9 |    27 |    20 ||    56
Throw: Boomerang         |     7 |       |       ||     7
  Use: Scroll            |     3 |    10 |     2 ||    15
       Potion            |     1 |     3 |     1 ||     5
 Stab: Distracted        |       |       |     1 ||     1
Armor: Leather armour    |    10 |     7 |       ||    17
       Scale mail        |       |    13 |    27 ||    40
Dodge: Dodged            |    29 |    62 |    40 ||   131

Table legend:
 A = Non-vault XP
 B = Vault XP
 C = Vault XP percentage of total XP
 D = Non-vault monster count
 E = Vault monster count
 F = Vault count percentage of total count
                 A         B        C        D         E       F
            +---------+---------+-------+---------+---------+-------
      Total |    1154 |     442 |  27.7 |      94 |      13 |  12.1
            +---------+---------+-------+---------+---------+-------
        D:1 |      44 |       4 |   8.3 |      23 |       2 |   8.0
        D:2 |      44 |     214 |  82.9 |      12 |       1 |   7.7
        D:3 |      63 |      52 |  45.2 |      23 |       9 |  28.1
        D:4 |      87 |       0 |   0.0 |      12 |       0 |   0.0
        D:5 |     916 |     172 |  15.8 |      24 |       1 |   4.0
            +---------+---------+-------+---------+---------+-------
